 Dungeon Crawl Stone Soup version 0.22-a0-533-g4d20840 (webtiles) character file.

163 iamserjio the Ruffian (level 5, -1/28 HPs)
             Began as a Vine Stalker Skald on June 22, 2018.
             Slain by an ogre
             ... wielding a +0 giant club
              (12 damage)
             ... on level 4 of the Dungeon.
             The game lasted 00:06:46 (707 turns).

iamserjio the Ruffian (Vine Stalker Skald)           Turns: 707, Time: 00:06:46

Health: -1/28      AC:  7    Str: 14    XL:     5   Next: 44%
Magic:  0/9        EV: 11    Int: 14    God:
Gold:   49         SH:  0    Dex: 13    Spells: 2/8 levels left

rFire    . . .     SeeInvis .     - Unarmed
rCold    . . .     Gourm    .   (no shield)
rNeg     + . .     Faith    .   a - +0 leather armour
rPois    .         Spirit   +   (no helmet)
rElec    .         Reflect  .   n - +1 cloak (curse)
rCorr    .         Harm     .   g - +0 pair of gloves (curse)
MR       .....                  j - +0 pair of boots
Stlth    +.........             (no amulet)
HPRegen  0.49/turn              i - ring of positive energy
MPRegen  0.11/turn              (no ring)

@: no status effects
A: fangs 2, regeneration 1, magic shield, antimagic bite, no potion heal 3, rot
immunity
a: no special abilities


You were on level 4 of the Dungeon.
You were not hungry.

You visited 1 branch of the dungeon, and saw 4 of its levels.

You collected 49 gold pieces.

Inventory:

Hand Weapons
 d - a +0 dagger of venom
Missiles
 l - 14 poisoned needles
Armour
 a - a +0 leather armour (worn)
 g - a cursed +0 pair of gloves (worn)
 j - a +0 pair of boots (worn)
 n - a cursed +1 cloak (worn)
Jewellery
 i - a ring of positive energy (left hand)
Scrolls
 h - a scroll of fog {unknown}
Potions
 k - a potion of heal wounds
 m - 2 potions of curing {@q1}
Comestibles
 c - 2 rations


   Skills:
 + Level 3.1 Fighting
 - Level 0.7 Armour
 - Level 1.5 Dodging
 * Level 4.6 Unarmed Combat
 - Level 2.1 Spellcasting
 - Level 3.0 Charms


You had 2 spell levels left.
You knew the following spells:

 Your Spells              Type           Power        Failure   Level  Hunger
a - Infusion              Chrm           #...         9%          1    #......
b - Regeneration          Chrm/Necr      #.........   43%         3    ###....
c - Shroud of Golubria    Chrm/Tloc      #.........   24%         2    ###....

Your spell library contained the following spells:

 Spells                   Type           Power        Failure   Level  Hunger
 Song of Slaying          Chrm           #.......     13%         2    ###....
 Spectral Weapon          Hex/Chrm       #.......     43%         3    ###....


Dungeon Overview and Level Annotations

Branches:
Dungeon (4/15)
 Temple: D:4-7

Altars:
Gozag
Kikubaaqudgha
Xom
The Shining One


Innate Abilities, Weirdness & Mutations

You have extremely sharp teeth.
Your natural rate of healing is unusually fast.
When hurt, damage is shared between your health and your magic reserves.
Your bite disrupts and absorbs the magic of your enemies.
Potions cannot restore your health.
You are immune to rotting.


Message History

You hit the jackal.
You kill the jackal!
The phantom blinks!
You see here a jackal corpse.
You hit the orc.
You kill the orc!
Things that are here:
a scroll of identify {@r1}; an orc corpse
b - a scroll of identify {@r1} The phantom blinks!
An ogre comes into view. It is wielding a giant club.
As you read the scroll of identify {@r1}, it crumbles to dust.
m - 2 potions of curing The ogre hits you with a giant club!!
Ouch! That really hurt!
* * * LOW HITPOINT WARNING * * *
Found a scroll labeled GACZUL QIWUDO.
You see here a jackal corpse.
The ogre hits you with a giant club!
You die...

###### #....#
#....# #....###
######......##
##...†@.......#
#....O##......#
#.....##......#
#..†..##...†..#
#.....##......#
#...[.#######.#
#.....# .#
.......#+####
.# ...?... .#


You could see an ogre.

Vanquished Creatures
  A howler monkey (D:3)
  Crazy Yiuf (D:3)
  5 adders
  An adder zombie (D:3)
  3 leopard geckos
  An orc (D:4)
  A ball python (D:2)
  2 giant cockroaches (D:3)
  6 goblins
  5 jackals
  6 bats
  A frilled lizard (D:2)
  5 kobolds
  8 rats
46 creatures vanquished.

Notes
Turn   | Place    | Note
-------+----------+-------------------------------------------
     0 | D:1      | iamserjio the Vine Stalker Skald began the quest for the Orb.
     0 | D:1      | Reached XP level 1. HP: 11/11 MP: 4/4
    88 | D:1      | Reached XP level 2. HP: 4/15 MP: 4/6
   126 | D:2      | Reached skill level 3 in Unarmed Combat
   128 | D:2      | Reached XP level 3. HP: 2/18 MP: 0/7
   180 | D:2      | Learned a level 3 spell: Regeneration
   183 | D:2      | Learned a level 2 spell: Shroud of Golubria
   250 | D:2      | Found an ancient bone altar of Kikubaaqudgha.
   250 | D:2      | Found a shimmering altar of Xom.
   251 | D:2      | Found an opulent altar of Gozag.
   338 | D:2      | Found a glowing golden altar of the Shining One.
   440 | D:3      | Gained mutation: Your natural rate of healing is unusually fast. [Vine Stalker growth]
   440 | D:3      | Reached XP level 4. HP: 9/23 MP: 4/8
   454 | D:3      | Reached skill level 4 in Unarmed Combat
   535 | D:3      | Found a runed door.
   539 | D:3      | Noticed Crazy Yiuf
   583 | D:3      | Killed Crazy Yiuf
   583 | D:3      | Reached XP level 5. HP: 25/28 MP: 3/9
   670 | D:4      | Noticed a phantom
   696 | D:4      | Noticed an ogre
   707 | D:4      | Slain by an ogre

Vault maps used:
D:1:      scummos_arrival_forest
D:2:      led_sif_pool, gammafunk_temple_overflow_forgotten, tso_metal_star
D:3:      marbit_many_paths, uniq_crazy_yiuf_cottage
D:4:      lemuel_crystal_altar, first_ration, lemuel_statue_altar

Skill      XL: |  1  2  3  4  5 |
---------------+----------------+-----
Fighting       | 2 3 |  3.1
Unarmed Combat | 3 4 |  4.6
Armour         | |  0.7
Dodging        | |  1.5
Spellcasting   | |  2.1
Charms         | |  3.0

Action                   |  1- 3 |  4- 6 || total
-------------------------+-------+-------++-------
Melee: Dagger            |    76 |    39 ||   115
       Unarmed           |     6 |    30 ||    36
       Bite              |    13 |    12 ||    25
       Punch             |       |     3 ||     3
 Cast: Infusion          |     5 |     4 ||     9
       Regeneration      |     2 |       ||     2
  Use: Scroll            |       |     5 ||     5
 Stab: Sleeping          |       |     1 ||     1
Armor: Leather armour    |    25 |    28 ||    53
Dodge: Dodged            |    60 |    41 ||   101

Table legend:
 A = Spawn XP
 B = Non-spawn XP
 C = Spawn XP percentage of total XP
 D = Spawn monster count
 E = Non-spawn monster count
 F = Spawn count percentage of total count
 G = Total turns spent on level
                    A         B        C        D         E        F      G
               +---------+---------+-------+---------+---------+-------+---------
         Total |       0 |     233 |   0.0 |       0 |      46 |   0.0 |   707
               +---------+---------+-------+---------+---------+-------+---------
           D:1 |       0 |      13 |   0.0 |       0 |       8 |   0.0 |   104
           D:2 |       0 |      49 |   0.0 |       0 |      16 |   0.0 |   286
           D:3 |       0 |     132 |   0.0 |       0 |      15 |   0.0 |   242
           D:4 |       0 |      39 |   0.0 |       0 |       7 |   0.0 |    75
               +---------+---------+-------+---------+---------+-------+---------
